 Dungeon Crawl Stone Soup version 0.30-a0-347-gf58ed5266c (webtiles) character file.

Game seed: 12631584317372555866

1984 Shayle the Sneak (level 9, -4/65 HPs)
             Began as a Djinni Reaver on Nov 5, 2022.
             Was an Initiate of Makhleb.
             Slain by a yak (11 damage)
             ... on level 5 of the Dungeon.
             The game lasted 00:19:56 (5248 turns).

Shayle the Sneak (Djinni Reaver)                    Turns: 5248, Time: 00:19:57

Health: -4/65      AC:  8    Str: 11    XL:     9   Next: 44%
Gold:   233        EV: 13    Int: 20    God:    Makhleb [......] SH:  0 Dex: 11

rFire   + + .      SeeInvis +    e - +1 hand axe (elec)
rCold   x . .      Faith    .    (no shield)
rNeg    . . .      Spirit   .    k - +2 robe {Will+}
rPois   ∞          Reflect  .    (no helmet)
rElec   .          Harm     .    (no cloak)
rCorr   .          Rampage  .    (no gloves)
Will    +....                    (boots unavailable)
Stlth   +++.......               (no amulet)
HPRegen 0.30/turn                f - ring of see invisible
MPRegen 0.00/turn                z - +4 ring of protection

@: flying
A: sickness immunity, fire resistance 2, cold vulnerability 1, float, innate
caster, HP casting, extra vitality 1
a: Renounce Religion


You were on level 5 of the Dungeon.
You worshipped Makhleb.
Makhleb was noncommittal.
You visited 2 branches of the dungeon, and saw 7 of its levels.

You collected 233 gold pieces.

Inventory:

Hand Weapons
 e - a +1 hand axe of electrocution (weapon)
 r - a +2 flail of protection
Missiles
 o - 4 silver javelins
Armour
 a - a +1 leather armour
 i - a +0 helmet
 k - a +2 robe of willpower (worn)
 y - a +0 pair of gloves
Jewellery
 f - a ring of see invisible (left hand)
 z - a +4 ring of protection (right hand)
 B - a +6 ring of intelligence
Wands
 d - a wand of mindburst (19)
Scrolls
 c - a scroll of enchant weapon {unknown}
 m - 2 scrolls of identify
 p - 6 scrolls of torment
 s - 2 scrolls of poison
 t - a scroll of blinking {unknown}
 v - 4 scrolls of teleportation {unknown}
 w - a scroll of fear {unknown}
 x - a scroll of enchant armour
Potions
 b - 2 potions of curing
 g - a potion of might {unknown}
 h - a potion of brilliance {unknown}
 j - 3 potions of degeneration {unknown}
 l - 2 potions of attraction {unknown}
 n - a potion of cancellation {unknown}
 q - 2 potions of heal wounds {unknown}
 u - a potion of mutation {unknown}
 A - a potion of haste {unknown}


   Skills:
 + Level 5.1 Fighting
 + Level 5.5 Dodging
 * Level 6.1 Stealth
 + Level 5.6 Unarmed Combat
 + Level 4.3 Spellcasting


You had 2 spell levels left.
You knew the following spells:

 Your Spells              Type           Power      Damage    Failure   Level
a - Kiss of Death         Conj/Necr      84%        2d11      2%          1
b - Momentum Strike       Conj/Tloc      42%        3d9       3%          2
c - Hailstorm             Conj/Ice       21%        3d6       6%          3
d - Foxfire               Conj/Fire      84%        2x1d8     2%          1
e - Static Discharge      Conj/Air       42%        2-4/arc   3%          2
f - Scorch                Fire           42%        2d7       3%          2
g - Dazzling Flash        Conj/Hex       42%        N/A       6%          3
Your spell library was empty.

Dungeon Overview and Level Annotations

Branches:
Dungeon (6/15)             Temple (1/1) D:5

Altars:
Ashenzari
Elyvilon
Fedhas
Gozag
Hepliaklqana
Makhleb
Nemelex Xobeh
Ru
Wu Jian
Xom
Yredelemnul
Zin
The Shining One

Shops:
D:4 *

Annotations:
D:6 1 runed translucent door, Crazy Yiuf


Innate Abilities, Weirdness & Mutations

You are immune to sickness and miasma.
You are immune to poison.
Your flesh is very heat resistant. (rF++)
You are vulnerable to cold. (rC-)
You float through the air rather than walking.
You learn spells naturally, not from books.
Your magical power is your life essence.
You have superior vitality. (+4 MHP)


Message History

A cannonade of hail descends around you!
The hail pelts the yak.
The yak is heavily wounded.
The hail misses the yak.
Unknown command.
You barely miss the yak.
The yak is heavily wounded.
The yak closely misses you.
Casting: Hailstorm (dangerous; 6% risk of failure)
Confirm with . or Enter, or press ? or * to list all spells.
Casting: Hailstorm (dangerous; 6% risk of failure)
Press: ? - help, Dir - look around, f - activate A cannonade of hail descends around you!
The hail pelts the yak!
The yak is moderately wounded.
The hail pelts the yak.
The yak is moderately wounded.
The yak gores you!
The yak is no longer more vulnerable to fire.
A mysterious force pulls you upwards. The hatch slams shut behind you.
Unknown command.
Casting: Hailstorm (dangerous; 6% risk of failure)
Confirm with . or Enter, or press ? or * to list all spells.
Flames lash the yak.
The yak is severely wounded.
The yak's fire resistance burns away.
The yak gores you! x2
Unknown command.
You feel better. The yak gores you!
* * * LOW HITPOINT WARNING * * *
The yak gores you.
* * * LOW HITPOINT WARNING * * *
Unknown command.
Okay, then.
Okay, then.
The air fills with toxic fumes!
As you read the scroll of poison, it crumbles to dust.
The yak gores you!
* * * LOW HITPOINT WARNING * * *
The yak gores you!
You die...

###################
#§§§°§§§○§§§......#
#§°§§§§§§○§§.....°#
#§§§§§§§§°§§......#
#§§§§§§§°§§°.○°...#
#§§§§°§§§§°§.☼....#
#§§§§°§§§§§§......##
#§§§@§§§§§§§......8##
#§§§YY§§§§§§........#
#§§§§§§§§§§§......8..
#§§§§§§§§§§§......###
#§§§§§§§§°§§......#
#§§§§§§§§°§°...°..#
#°○○§§§§§§§§....°.###
#§°°°§§§§°§§......#..
#☼................#..


You could see 2 yaks.

Vanquished Creatures
  Grinder (D:6)
  Eustachio (D:4)
  Menkaure (D:4)
  An ice beast (D:6)
  An orc warrior (D:6)
  3 ogres
  A phantom (D:5)
  A kobold brigand (D:5)
  Blork the orc (D:4)
  A bullfrog (D:6)
  A necrophage (D:5)
  2 scorpions
  6 hounds
  5 iguanas
  Jessica (D:2)
  4 orc wizards
  Robin (D:4)
  6 gnolls
  4 adders
  An ufetubus (D:5)
  17 orcs
  3 ball pythons
  5 bats
  7 endoplasms
  2 giant cockroaches (D:1)
  11 goblins
  8 hobgoblins
  9 kobolds
  A quokka (D:2)
  2 frilled lizards
  4 rats
112 creatures vanquished.

Vanquished Creatures (others)
  230 foxfires
230 creatures vanquished.

Grand Total: 342 creatures vanquished

Notes
Turn   | Place    | Note
-------+----------+-------------------------------------------
     0 | D:1      | Shayle the Djinni Reaver began the quest for the Orb.
     0 | D:1      | Shayle set off with the following spells memorised: Kiss of
                  | Death, Momentum Strike, Hailstorm.
     0 | D:1      | Reached XP level 1. HP: 18/18 MP: 0/0
   118 | D:1      | Found a faded altar of an unknown god.
   147 | D:1      | Reached XP level 2. HP: 23/23 MP: 0/0
   322 | D:1      | You are sucked into a shaft and drop 1 floor!
   338 | D:2      | Reached skill level 1 in Stealth
   604 | D:2      | Noticed Jessica
   611 | D:2      | Killed Jessica
   612 | D:2      | Reached XP level 3. HP: 16/29 MP: 0/0
   612 | D:2      | Learned a level 1 spell: Foxfire
   714 | D:2      | Reached XP level 4. HP: 34/34 MP: 0/0
  2180 | D:3      | Reached skill level 2 in Stealth
  2290 | D:4      | Noticed an ogre
  2491 | D:4      | Noticed Eustachio
  2521 | D:4      | Killed Eustachio
  2522 | D:4      | Reached XP level 5. HP: 16/40 MP: 0/0
  2522 | D:4      | Learned a level 2 spell: Static Discharge
  2522 | D:4      | Reached XP level 6. HP: 18/45 MP: 0/0
  2642 | D:4      | Noticed an ogre
  2753 | D:4      | Reached skill level 3 in Stealth
  2937 | D:4      | Killed an ogre
  2942 | D:4      | Noticed Robin
  2991 | D:4      | Reached XP level 7. HP: 21/50 MP: 0/0
  2991 | D:4      | Learned a level 2 spell: Scorch
  3222 | D:4      | Noticed Menkaure
  3227 | D:4      | Killed Menkaure
  3298 | D:4      | Killed Robin
  3378 | D:4      | Noticed Blork the orc
  3386 | D:4      | Killed Blork the orc
  3387 | D:4      | Reached skill level 4 in Stealth
  3418 | D:4      | Reached XP level 8. HP: 54/58 MP: 0/0
  3449 | D:4      | Found Kaeqes's General Store.
  3662 | D:5      | Entered Level 5 of the Dungeon
  4115 | D:5      | Reached skill level 5 in Stealth
  4128 | D:5      | Reached skill level 5 in Unarmed Combat
  4396 | D:5      | Reached skill level 5 in Dodging
  4462 | D:5      | Found a staircase to the Ecumenical Temple.
  4471 | Temple   | Entered the Ecumenical Temple
  4504 | Temple   | Became a worshipper of Makhleb the Destroyer
  4727 | D:6      | Reached XP level 9. HP: 48/63 MP: 0/0
  4727 | D:6      | Learned a level 3 spell: Dazzling Flash
  5061 | D:6      | Found a shimmering altar of Xom.
  5076 | D:6      | Noticed Grinder
  5084 | D:6      | Killed Grinder
  5085 | D:6      | Reached skill level 5 in Fighting
  5085 | D:6      | Reached skill level 6 in Stealth
  5125 | D:6      | Found a runed translucent door.
  5126 | D:6      | Noticed Crazy Yiuf
  5248 | D:5      | Slain by a yak

Illustrated notes

Levels and vault maps discovered:
D:1:      minmay_arrival_jagged, layout_rooms,
          hellmonk_ecumenical_altar_leap_of_faith
D:2:      layout_basic, st_stairs_7, grunt_ministairs_15,
          nicolae_figureground_pulse, uniq_jessica
D:3:      layout_rooms, st_stairs_7, chequers_serial_rivers_micro_e,
          small_statue_intersection
D:4:      layout_basic, serial_shops, nicolae_lakefront_shop,
          uniq_blork_the_orc, uniq_eustachio, uniq_menkaure, uniq_robin
D:5:      layout_rooms, lemuel_temple_firewalk_b,
          eino_small_chamber_without_monster
D:6:      layout_rooms, mainiacjoe_overflow_brackets, uniq_crazy_yiuf_cottage,
          uniq_grinder
Temple:   nicolae_temple_the_god_donut

Skill      XL: |  1  2  3  4  5  6  7  8  9 |
---------------+----------------------------+-----
Stealth        | 1 2 3 4 5 6 |  6.1
Dodging        | 3 4 5 |  5.5
Fighting       | 3 4 5 |  5.1
Spellcasting   | 3 4 |  4.3
Unarmed Combat | 4 5 |  5.6

Action                   |  1- 3 |  4- 6 |  7- 9 || total
-------------------------+-------+-------+-------++-------
Melee: Unarmed           |    31 |       |       ||    31
       Punch             |     6 |     1 |     1 ||     8
       Hand axe          |    39 |    57 |    37 ||   133
 Cast: Hailstorm         |       |     1 |     2 ||     3
       Foxfire           |       |    33 |   102 ||   135
       Static Discharge  |       |     3 |     7 ||    10
       Scorch            |       |       |    35 ||    35
       Kiss of Death     |       |       |     1 ||     1
Evoke: Wand              |       |       |     2 ||     2
  Use: Scroll            |       |     8 |     2 ||    10
       Potion            |       |     1 |     1 ||     2
 Stab: Sleeping          |       |     5 |     1 ||     6
Armor: Leather armour    |    23 |       |       ||    23
       Robe              |       |    36 |    14 ||    50
Dodge: Dodged            |    46 |    75 |    52 ||   173

Table legend: (Time is in decaauts)
 A = Elapsed time spent in this place.
 B = Non-inter-level travel time spent in this place.
 C = Inter-level travel time spent in this place.
 D = Time resting spent in this place.
 E = Time spent auto-exploring this place.
 F = Levels seen in this place.
 G = Mean time per level.
                   A        B        C        D        E       F      G
               +--------+--------+--------+--------+--------+-----+--------+
         Total |   5288 |   4943 |    345 |    543 |   3143 |   7 |  755.4 |
       Dungeon |   5228 |   4908 |    320 |    543 |   3129 |   6 |  871.3 |
        Temple |     59 |     34 |     25 |      0 |     14 |   1 |   59.0 |
               +--------+--------+--------+--------+--------+-----+--------+

Top non-repeatable levels by time:
     D:4: 1401 daAuts
     D:2: 1197 daAuts
     D:5: 835 daAuts
     D:3: 699 daAuts
     D:1: 559 daAuts
     D:6: 535 daAuts
  Temple: 59 daAuts
